 Dungeon Crawl Stone Soup version 0.29.0-4-gdea44cf6ec (webtiles) character file.

Game seed: 10982108869598238276

200 qw the Chopper (level 5, -4/30 HPs)
             Began as a Tengu Warper on Aug 28, 2022.
             Killed by divine providence
             ... invoked by an orc priest
              (11 damage)
             ... on level 3 of the Dungeon.
             The game lasted 00:00:21 (2755 turns).

qw the Chopper (Tengu Warper)                       Turns: 2755, Time: 00:00:22

Health: -4/30      AC:  6    Str: 13    XL:     5   Next: 79%
Magic:  9/9        EV: 11    Int: 13    God:
Gold:   10         SH:  5    Dex: 14    Spells: 8/8 levels left

rFire   + . .      SeeInvis .   c - +0 hand axe (vamp)
rCold   . . .      Faith    .   (no shield)
rNeg    . . .      Spirit   .   d - +0 scale mail
rPois   .          Reflect  +   (helmet restricted)
rElec   .          Harm     .   (no cloak)
rCorr   .          Rampage  .   (no gloves)
Will    .....                   (boots unavailable)
Stlth   ..........              e - amulet of reflection
HPRegen 0.10/turn               (no ring)
MPRegen 0.11/turn               (no ring)

@: flying quickly and evasively, quick
A: beak, talons 3, nimble flight, fire resistance 1
a: no special abilities


You were on level 3 of the Dungeon.
You visited 1 branch of the dungeon, and saw 4 of its levels.

You collected 108 gold pieces.
You spent 98 gold pieces at shops.


Innate Abilities, Weirdness & Mutations

You have a beak for a mouth.
You have claws for feet.
Your magical nature lets you fly swiftly and evasively.
Your flesh is heat resistant. (rF+)


   Skills:
 - Level 2.0 Fighting
 + Level 6.4 Axes
 - Level 1.0 Throwing
 - Level 1.1 Armour
 - Level 2.1 Dodging
 - Level 2.0 Spellcasting
 - Level 2.4 Translocations


You had 8 spell levels left.
You didn't know any spells.
Your spell library contained the following spells:

 Spells                   Type           Power      Damage    Failure   Level
 Blink                    Tloc           14%        N/A       56%         2
 Gell's Gravitas          Tloc           7%         N/A       80%         3
 Lesser Beckoning         Tloc           7%         N/A       80%         3
 Teleport Other           Tloc           7%         N/A       80%         3
 Manifold Assault         Tloc           7%         N/A       100%        5

Inventory:

Hand Weapons
 c - a +0 vampiric hand axe (weapon)
 l - a +0 whip
Armour
 d - a +0 scale mail (worn)
Jewellery
 e - an amulet of reflection (around neck)
Scrolls
 a - a scroll of identify
Potions
 b - 3 potions of curing
 f - a potion of might
 j - a potion of mutation

Dungeon Overview and Level Annotations

Branches:
Dungeon (4/15)
 Temple: D:4-7

Altars:
Yredelemnul

Shops:
D:3 !

Annotations:
D:2 1 runed translucent door, Crazy Yiuf


Message History

2739 ||| Stepping ~*~*~tactically~*~*~ (stealth).
Items here: % )) [.
You hit the orc. Your kick misses the orc.
The orc is heavily wounded.
The orc closely misses you.
You hit the orc.
You kill the orc!
The orc priest shouts!
You see here a +0 short sword.
2744 ||| Stepping ~*~*~tactically~*~*~ (hiding).
You start waiting.
An orc priest is nearby!
The orc shouts!
You see here a +0 short sword.
You hit the orc priest.
You peck the orc priest, but do no damage.
The orc priest is lightly wounded.
The orc priest hits you with a +0 club.
You hit the orc priest.
You feel better.
Your kick misses the orc priest.
The orc priest is heavily wounded.
The orc priest mumbles some strange prayers to Beogh against you.
Beogh smites you!
Ouch! That really hurt!
You barely miss the orc priest.
The orc priest is heavily wounded.
The orc priest barely misses you.
You barely miss the orc priest. You claw the orc priest.
Your peck misses the orc priest.
The orc priest is severely wounded.
The orc priest calls down the wrath of Beogh upon you.
Beogh smites you!
You hit the orc priest.
You feel better.
The orc priest is almost dead.
You hit the orc but do no damage. Your kick misses the orc.
You peck the orc, but do no damage. You closely miss the orc.
You claw the orc, but do no damage. You peck the orc.
The orc is severely wounded.
The orc priest mumbles some strange prayers to Beogh against you.
Beogh smites you!
You die...

..# #... ..####### ###
#..# #........ ... ...
..##### #.. ... #%# #.#
#.# #.### #.# #.# ....##
#.###.#
P.P..#######....o###
._.[.##....'.).)@)o#
P.P..##.####....##......
.....##.######### ......
#..####......# .....
#.## #......# .....
..#####......# ....
..#<).'......# ...#
.######!.....#.
.....%.........


You could see an orc priest and an orc.

Vanquished Creatures
  A hound (D:3)
  An orc wizard (D:3)
  Terence (D:2)
  5 adders
  3 dart slugs
  6 orcs (D:3)
  8 ball pythons
  5 bats
  10 endoplasms
  A giant cockroach (D:1)
  6 goblins
  2 hobgoblins
  3 jackals (D:2)
  10 kobolds
  2 frilled lizards (D:1)
  4 rats
68 creatures vanquished.

Vanquished Creatures (others)
  9 plants (D:1)
9 creatures vanquished.

Grand Total: 77 creatures vanquished

Notes
Turn   | Place    | Note
-------+----------+-------------------------------------------
     0 | D:1      | qw the Tengu Warper began the quest for the Orb.
     0 | D:1      | Reached XP level 1. HP: 12/12 MP: 4/4
     0 | D:1      | 0 ||| qw: Version: 0.1-a-89-g26bdef1
     0 | D:1      | 0 ||| qw: Game counter: 2617
     0 | D:1      | 0 ||| qw: Always use a shield: true
     0 | D:1      | 0 ||| qw: God list: Okawaru
     0 | D:1      | 0 ||| qw: Allow faded altars: false
     0 | D:1      | 0 ||| qw: Do Orc after D:15 true
     0 | D:1      | 0 ||| qw: Do second Lair branch before Depths: true
     0 | D:1      | 0 ||| qw: Lair rune preference: random
     0 | D:1      | 0 ||| qw: Plans: Normal
     0 | D:1      | 0 ||| PLANNING D:1-11
    77 | D:1      | 77 ||| Stepping ~*~*~tactically~*~*~ (hiding).
    80 | D:1      | Reached skill level 3 in Axes
    80 | D:1      | Reached XP level 2. HP: 9/17 MP: 6/6
    92 | D:1      | HP: 3/17 [frozen (4)]
   142 | D:1      | 142 ||| Stepping ~*~*~tactically~*~*~ (stealth).
   146 | D:1      | HP: 4/17 [dart slug (2)]
   161 | D:1      | HP: 4/17 [frozen (1)]
   340 | D:1      | 340 ||| Stepping ~*~*~tactically~*~*~ (stealth).
   346 | D:1      | 346 ||| Stepping ~*~*~tactically~*~*~ (stealth).
   460 | D:1      | 460 ||| Stepping ~*~*~tactically~*~*~ (stealth).
   533 | D:1      | Reached XP level 3. HP: 18/21 MP: 7/7
   665 | D:1      | Reached skill level 4 in Axes
   738 | D:1      | 738 ||| Stepping ~*~*~tactically~*~*~ (stealth).
   817 | D:1      | 817 ||| Stepping ~*~*~tactically~*~*~ (stealth).
   826 | D:1      | 826 ||| DROPPING +0 club.
   975 | D:1      | 975 ||| UPGRADING to +0 scale mail.
   985 | D:1      | 985 ||| DROPPING +0 leather armour.
   986 | D:1      | 986 ||| READING 3 scrolls labelled MOWYLI PIDON.
   987 | D:1      | 987 ||| READING scroll labelled CUSEGO ZUFUTEA.
   988 | D:1      | 988 ||| READING scroll labelled AMAGRA GAICRO.
   989 | D:1      | 989 ||| DRINKING 2 puce potions.
   990 | D:1      | 990 ||| READING 2 scrolls of identify.
   990 | D:1      | 990 ||| IDENTIFYING cyan potion
   991 | D:1      | 991 ||| DROPPING scroll of blinking.
   992 | D:1      | 992 ||| DROPPING potion of brilliance.
   993 | D:1      | 993 ||| DROPPING potion of attraction.
  1060 | D:2      | Noticed a shining eye
  1061 | D:2      | Found a faded altar of an unknown god.
  1065 | D:2      | Noticed a shining eye
  1069 | D:2      | Noticed a shining eye
  1069 | D:2      | Noticed a great orb of eyes
  1095 | D:2      | Noticed Terence
  1106 | D:2      | Killed Terence
  1107 | D:2      | Reached XP level 4. HP: 8/26 MP: 8/8
  1119 | D:2      | 1119 ||| FLEEEEING.
  1120 | D:2      | 1120 ||| FLEEEEING.
  1125 | D:2      | 1125 ||| FLEEEEING.
  1126 | D:2      | 1126 ||| FLEEEEING.
  1127 | D:2      | 1127 ||| FLEEEEING.
  1128 | D:2      | 1128 ||| FLEEEEING.
  1129 | D:2      | 1129 ||| FLEEEEING.
  1132 | D:2      | 1132 ||| FLEEEEING.
  1133 | D:2      | 1133 ||| FLEEEEING.
  1135 | D:2      | 1135 ||| STAIRDANCE
  1376 | D:2      | 1376 ||| Stepping ~*~*~tactically~*~*~ (stealth).
  1550 | D:2      | You fall into a shaft and drop 2 floors!
  1578 | D:4      | Reached skill level 5 in Axes
  1651 | D:4      | 1651 ||| DRINKING 2 purple potions.
  1651 | D:4      | Gained mutation: Your flesh is heat resistant. (rF+)
                  | [potion of mutation]
  1652 | D:4      | 1652 ||| READING 2 scrolls of identify.
  1652 | D:4      | 1652 ||| IDENTIFYING green potion
  1701 | D:3      | Found a basalt altar of Yredelemnul.
  1708 | D:3      | Gained mutation: Your magical nature lets you fly swiftly
                  | and evasively. [Tengu growth]
  1708 | D:3      | Reached XP level 5. HP: 26/30 MP: 9/9
  1774 | D:3      | 1774 ||| Stepping ~*~*~tactically~*~*~ (stealth).
  1788 | D:3      | 1788 ||| Stepping ~*~*~tactically~*~*~ (stealth).
  1789 | D:3      | 1789 ||| Stepping ~*~*~tactically~*~*~ (stealth).
  1887 | D:3      | 1887 ||| Stepping ~*~*~tactically~*~*~ (stealth).
  1888 | D:3      | 1888 ||| Stepping ~*~*~tactically~*~*~ (stealth).
  1896 | D:3      | Found Jeocs's Distillery.
  1905 | D:3      | Reached skill level 6 in Axes
  1909 | D:3      | 1909 ||| BUYING potion of curing (42 gold).
  1909 | D:3      | Bought a potion of curing for 42 gold pieces
  1909 | D:3      | 1909 ||| SHOPLISTING potion of heal wounds (70 gold, have
                  | 66).
  1909 | D:3      | 1909 ||| BUYING potion of might (56 gold).
  1909 | D:3      | Bought a potion of might for 56 gold pieces
  1915 | D:3      | 1915 ||| READING scroll labelled WABYCA CEUGA AWOP.
  1916 | D:3      | 1916 ||| READING 2 scrolls of identify.
  1916 | D:3      | 1916 ||| IDENTIFYING bubbling emerald potion
  1917 | D:3      | 1917 ||| DROPPING potion of degeneration.
  2351 | D:2      | Found a runed translucent door.
  2352 | D:2      | Noticed Crazy Yiuf
  2565 | D:2      | 2565 ||| UPGRADING to amulet of reflection.
  2570 | D:2      | 2570 ||| READING scroll labelled QAMA OM YSCH.
  2571 | D:2      | 2571 ||| READING scroll labelled ENNOCY OCUXEUX.
  2572 | D:2      | 2572 ||| READING 2 scrolls of identify.
  2572 | D:2      | 2572 ||| IDENTIFYING glowing black potion
  2573 | D:2      | 2573 ||| DROPPING potion of lignification.
  2657 | D:3      | 2657 ||| Stepping ~*~*~tactically~*~*~ (hiding).
  2658 | D:3      | 2658 ||| Stepping ~*~*~tactically~*~*~ (hiding).
  2660 | D:3      | 2660 ||| Stepping ~*~*~tactically~*~*~ (hiding).
  2661 | D:3      | 2661 ||| Stepping ~*~*~tactically~*~*~ (hiding).
  2727 | D:3      | 2727 ||| Stepping ~*~*~tactically~*~*~ (stealth).
  2739 | D:3      | 2739 ||| Stepping ~*~*~tactically~*~*~ (stealth).
  2744 | D:3      | 2744 ||| Stepping ~*~*~tactically~*~*~ (hiding).
  2752 | D:3      | HP: 4/30 [orc priest/divine providence (10)]
  2755 | D:3      | Killed from afar by an orc priest

Levels and vault maps discovered:
D:1:      wander_arrival_fairy_ring, layout_rooms, lexackson_kobold_supper
D:2:      layout_basic, hellmonk_ecumenical_altar_watching_god,
          uniq_crazy_yiuf_cottage, uniq_terence
D:3:      layout_basic, yredelemnul_altar_generic, serial_shops, shop
D:4:      layout_loops_cross

Skill      XL: |  1  2  3  4  5 |
---------------+----------------+-----
Axes           | 3 4 5 6 |  6.4
Fighting       | |  2.0
Throwing       | |  1.0
Armour         | |  1.1
Dodging        | |  2.1
Spellcasting   | |  2.0
Translocations | |  2.4

Action                   |  1- 3 |  4- 6 || total
-------------------------+-------+-------++-------
Melee: Hand axe          |    76 |    96 ||   172
       Kick              |    18 |    24 ||    42
       Peck              |    15 |    13 ||    28
       Punch             |     2 |     2 ||     4
Throw: Boomerang         |     7 |       ||     7
  Use: Scroll            |     4 |     6 ||    10
       Potion            |     1 |     1 ||     2
Armor: Leather armour    |    12 |       ||    12
       Scale mail        |     1 |    23 ||    24
Dodge: Dodged            |    33 |    37 ||    70
Block: Other             |       |     2 ||     2

Table legend:
 A = Non-vault XP
 B = Vault XP
 C = Vault XP percentage of total XP
 D = Non-vault monster count
 E = Vault monster count
 F = Vault count percentage of total count
                 A         B        C        D         E       F
            +---------+---------+-------+---------+---------+-------
      Total |     244 |      43 |  15.0 |      59 |       9 |  13.2
            +---------+---------+-------+---------+---------+-------
        D:1 |      49 |      11 |  18.3 |      26 |       8 |  23.5
        D:2 |      27 |      32 |  54.2 |      10 |       1 |   9.1
        D:3 |     147 |       0 |   0.0 |      18 |       0 |   0.0
        D:4 |      21 |       0 |   0.0 |       5 |       0 |   0.0
            +---------+---------+-------+---------+---------+-------
